 Dungeon Crawl Stone Soup version 0.30.1 (webtiles) character file.

Game seed: 14312498465817597426

209 monsoonserge the Digger (level 5, -2/28 HPs)
             Began as a Vampire Earth Elementalist on July 6, 2023.
             Slain by a wyvern (13 damage)
             ... on level 4 of the Dungeon.
             The game lasted 00:10:10 (3101 turns).

monsoonserge the Digger (VpEE)                      Turns: 3101, Time: 00:10:10

Health: -2/28      AC: 14    Str:  7    XL:     5   Next: 55%
Magic:  4/8        EV: 10    Int: 20    God:
Gold:   271        SH:  0    Dex: 14    Spells: 5/8 levels left

rFire   + . .        B - +3 dagger
rCold   + + .        (no shield)
rNeg    + + +        e - +2 ring mail {rF+}
rPois   ∞            E - +2 helmet
rElec   .            l - scarf {harm}
rCorr   .            (no gloves)
SInv    +            (no boots)
Will    +....        (no amulet)
Stlth   ++++         d - +4 ring of protection
HPRegen 0.00/turn    p - ring of willpower
MPRegen 0.11/turn

%: harm (+30% outgoing, +20% incoming)
@: bloodless, inhibited regen
A: bloodless, fangs 3, see invisible, vampiric 2
a: Bat Form, Revivify


You were on level 4 of the Dungeon.
You visited 1 branch of the dungeon, and saw 4 of its levels.

You collected 271 gold pieces.

Inventory:

Hand Weapons
 B - a +3 dagger (weapon)
Armour
 e - a +2 ring mail of fire resistance (worn)
 l - a scarf of harm (worn)
 E - a +2 helmet (worn)
Magical Staves
 h - a staff of fire
Jewellery
 d - a +4 ring of protection (left hand)
 j - a ring of protection from fire
 p - a ring of willpower (right hand)
 q - a ring of willpower
Wands
 y - a wand of flame (18)
Scrolls
 f - 2 scrolls of enchant weapon {unknown}
 g - a scroll of amnesia {unknown}
 k - a scroll of butterflies {unknown}
 o - a scroll of blinking {unknown}
 r - a scroll of teleportation {unknown}
 u - a scroll of poison {unknown}
 w - a scroll of acquirement {unknown}
 A - 3 scrolls of identify {unknown}
 D - a scroll of vulnerability {unknown}
Potions
 a - a potion of berserk rage {unknown}
 b - a potion of magic
 c - a potion of brilliance {unknown}
 i - 3 potions of flight {unknown}
 s - a potion of heal wounds {unknown}
 t - a potion of might {unknown}
 v - a potion of lignification {unknown}
 x - a potion of curing {unknown}
 z - a potion of invisibility {unknown}
 C - a potion of attraction {unknown}


   Skills:
 + Level 0.2 Fighting
 + Level 0.3 Short Blades
 * Level 1.4 Armour
 + Level 2.9 Dodging
 - Level 4.0 Stealth
 + Level 0.3 Unarmed Combat
 - Level 2.0 Spellcasting
 - Level 1.1 Transmutations
 * Level 5.2 Earth Magic


You had 5 spell levels left.
You knew the following spells:

 Your Spells              Type           Power      Damage    Failure   Level
a - Sandblast             Erth           44%        2d11      6%          1
b - Passwall              Tmut/Erth      11%        N/A       22%         2

Your spell library contained the following spells:

 Spells                   Type           Power      Damage    Failure   Level
 Stone Arrow              Conj/Erth      24%        3d8       47%         3
 Petrify                  Tmut/Erth      14%        N/A       82%         4


Dungeon Overview and Level Annotations

Branches:
Dungeon (4/15)
 Temple: D:4-7

Altars:
Gozag
Makhleb
Qazlal
Yredelemnul


Innate Abilities, Weirdness & Mutations

You do not regenerate when monsters are visible.
You are frail without blood (-20% HP).
You can heal yourself when you bite living creatures.
You are immune to poison.
You have razor-sharp teeth.
You have supernaturally acute eyesight. (SInv)
You are afflicted with vampirism and can become a bat while bloodless.


Message History

Confirm with . or Enter, or press ? or * to list all spells.
Aiming: Sandblast (safe; 6% risk of failure)
Press: ? - help, Shift-Dir - straight line, f/p - gnoll
Aim: a gnoll, wielding a +0 whip (heavily wounded, 85% to hit)
The blast of sand misses the gnoll.
Unknown command.
Casting: Sandblast (safe; 6% risk of failure)
Confirm with . or Enter, or press ? or * to list all spells.
Aiming: Sandblast (safe; 6% risk of failure)
Press: ? - help, Shift-Dir - straight line, f/p - gnoll
Aim: a gnoll, wielding a +0 whip (heavily wounded, 85% to hit)
The blast of sand hits the gnoll!
You kill the gnoll!
Unknown command.
Things that are here:
a +0 whip; a gnoll corpse You catch the helpless wyvern completely off-guard!
You bite the wyvern, and draw its blood!
You puncture the wyvern! Your bite misses the wyvern.
The wyvern is severely wounded.
The wyvern bites you.
The wyvern bites you but does no damage.
Unknown command.
Casting: Sandblast (safe; 6% risk of failure)
Confirm with . or Enter, or press ? or * to list all spells.
Aiming: Sandblast (safe; 6% risk of failure)
Press: ? - help, Shift-Dir - straight line, f - wyvern
Aim: a wyvern (severely wounded, 83% to hit)
The blast of sand hits the wyvern but does no damage.
The wyvern is severely wounded.
The wyvern bites you. The wyvern completely misses you.
Unknown command.
Casting: Sandblast (safe; 6% risk of failure)
Confirm with . or Enter, or press ? or * to list all spells.
Aiming: Sandblast (safe; 6% risk of failure)
Press: ? - help, Shift-Dir - straight line, f/p - wyvern
Aim: a wyvern (severely wounded, 83% to hit)
The blast of sand misses the wyvern.
The wyvern bites you. The wyvern bites you!
You die...

#.#.###.#<# #...≈...
#........####.≈.≈.≈≈
##........<...≈.≈.._
#..#.....##..≈.≈≈≈≈ .
#.###........≈..... #..
#..#.....###.≈≈≈≈≈≈
#...###.......# #.......
#.....#)###.#......####.
#....@# #.######## .
.....#.l# #.# #.#....#[
.. #.#.# .# # #. .# #g
.# #. .# .#


You could see a wyvern and a gnoll (asleep).

Vanquished Creatures
  An orc wizard (D:4)
  Natasha (D:4)
  Robin (D:3)
  A gnoll (D:4)
  3 adders
  A worm (D:3)
  A dart slug (D:2)
  4 orcs
  6 ball pythons
  5 bats
  8 endoplasms
  7 giant cockroaches
  15 goblins
  12 hobgoblins
  6 jackals
  5 kobolds (D:1)
  3 quokkas
  7 frilled lizards
  6 rats
93 creatures vanquished.

Notes
Turn   | Place    | Note
-------+----------+-------------------------------------------
     0 | D:1      | monsoonserge the Vampire Earth Elementalist began the quest
                  | for the Orb.
     0 | D:1      | Reached XP level 1. HP: 13/13 MP: 3/3
    89 | D:1      | Reached XP level 2. HP: 8/15 MP: 0/5
   340 | D:1      | Learned a level 2 spell: Passwall
   723 | D:1      | Gained mutation: You are afflicted with vampirism and can
                  | become a bat while bloodless. [Vampire growth]
   723 | D:1      | Reached XP level 3. HP: 19/19 MP: 4/6
  1169 | D:2      | Reached skill level 4 in Earth Magic
  1506 | D:2      | Reached XP level 4. HP: 24/24 MP: 5/7
  1905 | D:3      | Noticed Robin
  2342 | D:3      | Found a stormy altar of Qazlal.
  2601 | D:3      | Killed Robin
  2602 | D:3      | Reached skill level 1 in Armour
  2761 | D:3      | Found a burning altar of Makhleb.
  2956 | D:4      | Found a basalt altar of Yredelemnul.
  2956 | D:4      | Found an opulent altar of Gozag.
  2958 | D:4      | Reached XP level 5. HP: 26/28 MP: 8/8
  2965 | D:4      | Reached skill level 5 in Earth Magic
  3067 | D:4      | Noticed Natasha
  3069 | D:4      | Noticed a wyvern
  3071 | D:4      | Killed Natasha
  3101 | D:4      | Slain by a wyvern

Illustrated notes

Levels and vault maps discovered:
D:1:      psy_arrival_basics, layout_loops_ring, item_on_display_a
D:2:      layout_loops_ring, minmay_pentomino_t4
D:3:      layout_basic, general_overflow_altar, marbit_many_paths,
          due_unseen_surprise, uniq_robin
D:4:      layout_loops_ring, mainiacjoe_overflow_tiny_flanked,
          mainiacjoe_overflow_catwalk_spiral, grunt_decor_arrowhead,
          uniq_natasha, uniq_pikel, uniq_grinder, uniq_crazy_yiuf_cottage

Skill      XL: |  1  2  3  4  5 |
---------------+----------------+-----
Earth Magic    | 4 5 |  5.2
Stealth        | 4 |  4.0
Armour         | 1 |  1.4
Fighting       | |  0.2
Short Blades   | |  0.3
Dodging        | |  2.9
Unarmed Combat | |  0.3
Spellcasting   | |  2.0
Transmutations | |  1.1

Action                     |  1- 3 |  4- 6 || total
---------------------------+-------+-------++-------
  Melee: Unarmed           |    19 |       ||    19
         Bite              |     3 |     1 ||     4
         Whip              |     5 |       ||     5
         Short sword       |    20 |    10 ||    30
         Mace              |     6 |       ||     6
         Dagger            |       |    11 ||    11
         Punch             |       |     1 ||     1
   Cast: Sandblast         |    45 |    41 ||    86
         Passwall          |     2 |     2 ||     4
Ability: Exsanguinate      |     1 |       ||     1
   Stab: Sleeping          |     4 |    10 ||    14
         Distracted        |       |     1 ||     1
 Armour: Robe              |    15 |       ||    15
         Ring mail         |    17 |    22 ||    39
  Dodge: Dodged            |    59 |    20 ||    79
